 Dungeon Crawl Stone Soup version 0.29.0-7-g18a832c13a (webtiles) character file.

Game seed: 9090194739882956017

14 lonewolfV2 the Shield-Bearer (level 2, -2/25 HPs)
             Began as a Demigod Fighter on Aug 31, 2022.
             Succumbed to their own poison gas
             ... on level 1 of the Dungeon.
             The game lasted 00:00:59 (405 turns).

lonewolfV2 the Shield-Bearer (Demigod Fighter)       Turns: 405, Time: 00:01:00

Health: -2/25      AC:  6    Str: 17    XL:     2   Next: 15%
Magic:  4/4        EV:  9    Int: 10    God:
Gold:   58         SH:  4    Dex: 13    Spells: 1/1 levels left

rFire   . . .      SeeInvis .   a - +1 war axe
rCold   . . .      Faith    .   c - +0 buckler
rNeg    . . .      Spirit   .   b - +0 scale mail
rPois   .          Reflect  .   (no helmet)
rElec   .          Harm     .   (no cloak)
rCorr   .          Rampage  .   (no gloves)
Will    .....                   (no boots)
Stlth   ..........              (no amulet)
HPRegen 0.08/turn               (no ring)
MPRegen 0.09/turn               (no ring)

@: lethally poisoned (-2 -> -30)
A: high MP 1, forlorn, divine attributes
a: no special abilities


You were on level 1 of the Dungeon.
You visited 1 branch of the dungeon, and saw 1 of its levels.

You collected 58 gold pieces.

Inventory:

Hand Weapons
 a - a +1 war axe (weapon)
Armour
 b - a +0 scale mail (worn)
 c - a +0 buckler (worn)
Scrolls
 i - a scroll of enchant weapon
Potions
 d - a potion of might
 e - a potion of haste {unknown}
 g - a potion of mutation
 h - a potion of lignification {unknown}


   Skills:
 + Level 2.9 Fighting
 + Level 1.9 Axes
 + Level 2.9 Armour
 + Level 2.9 Shields


You had one spell level left.
You didn't know any spells.
Your spell library was empty.

Dungeon Overview and Level Annotations

Branches:
Dungeon (1/15)


Innate Abilities, Weirdness & Mutations

You have an increased reservoir of magic. (+10% MP)
You shall have no god before yourself.
Your divine heritage dramatically boosts your attributes as you level up.


Message History

You block the bat's attack. The bat hits you but does no damage.
The bat hits you but does no damage. You block the bat's attack.
The bat barely misses you. You block the bat's attack.
The bat hits you but does no damage. The bat hits you but does no damage.
The bat hits you but does no damage. The bat hits you but does no damage.
The bat hits you but does no damage. The bat barely misses you.
You slash the bat!
You kill the bat!
j - a scroll labelled WIYCKU AZXEO You now have 58 gold pieces (gained 11).
The air fills with toxic fumes!
As you read the scroll labelled WIYCKU AZXEO, it crumbles to dust.
It was a scroll of poison.
As you read the scroll labelled GIUDUI DOITO, it crumbles to dust.
It is a scroll of identify.
g - a potion of mutation Really walk into that cloud of poison gas?
You are engulfed in poison gas.
You are poisoned.
You feel very sick.
You feel very sick.
There is a lethal amount of poison in your body!
There is a lethal amount of poison in your body!
There is a lethal amount of poison in your body!
There is a lethal amount of poison in your body!
There is a lethal amount of poison in your body!
There is a lethal amount of poison in your body!
Really walk into that cloud of poison gas? [Y]es or [N]o only, please.
Really walk into that cloud of poison gas?
Okay, then.
Okay, then.
Really walk into that cloud of poison gas?
You are engulfed in poison gas.
You are more poisoned.
* * * LOW HITPOINT WARNING * * *
You die...

#..# #§#§#§§## #.#
#§.###§§§§§§§#
#.#.#§§##§§#§#§§§#
#)...§§§§§§§§§§§.#
#...##§§§§§§§§§#§#
#....§§§§§§§§§§§§#
#....§§§§§§§§§§§##.#
#.###§§§§§§§.§§§§§§#
#.# #§§§§§§§@§§#####
#.# #§##########
#.###.# #.....#
#..#### #..####
#.....# #.###.#
#####.# #


There were no monsters in sight!

Vanquished Creatures
  A ball python (D:1)
  2 bats (D:1)
  2 endoplasms (D:1)
  A giant cockroach (D:1)
  A kobold (D:1)
  2 quokkas (D:1)
  2 frilled lizards (D:1)
  A goblin (D:1)
12 creatures vanquished.

Notes
Turn   | Place    | Note
-------+----------+-------------------------------------------
     0 | D:1      | lonewolfV2 the Demigod Fighter began the quest for the Orb.
     0 | D:1      | Reached XP level 1. HP: 18/18 MP: 3/3
   365 | D:1      | Reached XP level 2. HP: 25/25 MP: 4/4
   405 | D:1      | Succumbed to their own poison gas

Illustrated notes

Levels and vault maps discovered:
D:1:      evilmike_arrival_fibonacci_small, layout_basic,
          hellmonk_ecumenical_altar_heavens_door, serial_glass, glass_columns_a,
          glass_columns_a, serial_bayou_ford_a

Action                   || total
-------------------------++-------
Melee: War axe           ||    26
  Use: Scroll            ||     3
Armor: Scale mail        ||    29
Dodge: Dodged            ||    12
Block: Buckler           ||    11
